 Dungeon Crawl Stone Soup version 0.19.4-9-g45fd643 (webtiles) character file.

72 esteth the Poker (level 4, -5/35 HPs)
             Began as a Formicid Abyssal Knight on Feb 17, 2017.
             Was a Believer of Lugonu.
             Killed from afar by protoss039's ghost (9 damage)
             ... with a magic dart
             ... on level 3 of the Dungeon.
             The game lasted 00:04:15 (1971 turns).

esteth the Poker (Formicid Abyssal Knight)          Turns: 1971, Time: 00:04:16

Health: -5/35      AC:  5    Str: 16    XL:     4   Next: 50%
Magic:  5/5        EV: 10    Int: 12    God:    Lugonu [**....]
Gold:   82         SH:  0    Dex: 11    Spells: 0 memorised, 3 levels left

rFire  . . .     SeeInvis +     a - +1 spear
rCold  . . .     Gourm    .     f - +0 ring mail
rNeg   . . .     Faith    .     (no shield)
rPois  .         Spirit   .     (helmet unavailable)
rElec  .         Reflect  .     (no cloak)
rCorr  .         Harm     .     (no gloves)
MR     .....                    (no boots)
Stlth  +.........               (no amulet)
                                (no ring)
                                (no ring)

@: no status effects
A: permanent stasis, dig shafts and tunnels, four strong arms, antennae 3
a: Dig, Shaft Self, Depart the Abyss, Bend Space, Renounce Religion


You were on level 3 of the Dungeon.
You worshipped Lugonu.
Lugonu was pleased with you.
You were hungry.

You visited 1 branch of the dungeon, and saw 3 of its levels.
You visited the Abyss 1 time.

You collected 82 gold pieces.

Inventory:

Hand Weapons
 a - a +1 spear (weapon)
Armour
 f - a +0 ring mail (worn)
Wands
 i - a wand of confusion (29/48)
Scrolls
 b - a scroll of immolation {unknown}
 h - 3 scrolls of identify {unknown}
 j - a scroll of fog {unknown}
 m - a scroll of random uselessness {unknown}
 n - a scroll of magic mapping {unknown}
 o - a scroll of teleportation {unknown}
Potions
 d - a potion of lignification {unknown}
 e - a potion of invisibility {unknown}
 g - a potion of might {unknown}
 l - a potion of degeneration {unknown}
Comestibles
 c - a bread ration
 k - 2 meat rations
 p - 3 chunks of flesh


   Skills:
 - Level 3.2 Fighting
 + Level 4.4 Polearms
 - Level 2.1 Armour
 - Level 0.8 Dodging
 - Level 2.1 Invocations


You had 3 spell levels left.
You didn't know any spells.

Dungeon Overview and Level Annotations

Branches:
Dungeon (3/15)

Altars:
Trog

Annotations:
D:3 protoss039's ghost, amateur DrCj


Innate Abilities, Weirdness & Mutations

You are under a permanent stasis effect.
You can dig through walls and to a lower floor.
Your four strong arms can wield two-handed weapons with a shield.
You have a pair of large antennae on your head. (SInv)


Message History

The magic dart hits you!
* * * LOW HITPOINT WARNING * * *
Attack whom?
Press: ? - help, Dir - move target cursor, f/p - protoss039's ghost
Aim: protoss039's ghost (lightly damaged)
You closely miss protoss039's ghost.
Protoss039's ghost is lightly damaged.
Protoss039's ghost hits you but does no damage.
Attack whom?
Press: ? - help, Dir - move target cursor, f/p - protoss039's ghost
Aim: protoss039's ghost (lightly damaged)
You closely miss protoss039's ghost.
Protoss039's ghost is lightly damaged.
You are feeling hungry.
Protoss039's ghost casts a spell at you.
The magic dart hits you!
* * * LOW HITPOINT WARNING * * *
Protoss039's ghost casts a spell at you.
The magic dart hits you!
You die...

.#.# ....
{ #..#.#
#..#.# {
#..#.#
#..#.#
#(.#.#
#@.#.#
#)W#.#
#<..[#
#(##(#
#....#
#.....#
#.._W...K
#.....###
#.##.##


You could see protoss039's ghost.

Vanquished Creatures
  2 adders
  A worm (D:2)
  2 dart slugs (D:1)
  A leopard gecko (D:2)
  An orc (D:3)
  4 giant cockroaches
  5 goblins
  4 hobgoblins
  3 quokkas (D:2)
  6 bats
  6 frilled lizards
  7 kobolds
  4 rats
46 creatures vanquished.

Notes
Turn   | Place    | Note
-------+----------+-------------------------------------------
     0 | Abyss:1  | esteth the Formicid Abyssal Knight began the quest for the Orb.
     0 | Abyss:1  | Reached XP level 1. HP: 18/18 MP: 2/2
    16 | D:1      | Escaped the Abyss
   174 | D:1      | Reached XP level 2. HP: 19/24 MP: 3/3
   456 | D:1      | Reached skill level 3 in Polearms
   621 | D:1      | Reached XP level 3. HP: 29/29 MP: 4/4
   973 | D:2      | Reached ** piety under Lugonu
  1402 | D:2      | Reached skill level 4 in Polearms
  1402 | D:2      | Reached XP level 4. HP: 34/35 MP: 5/5
  1729 | D:3      | Found a bloodstained altar of Trog.
  1942 | D:3      | Noticed protoss039's ghost (amateur DrCj)
  1971 | D:3      | Killed from afar by protoss039's ghost

Skill      XL: |  1  2  3 |
---------------+----------+-----
Polearms       | 3 4 |  4.4
Fighting       | |  3.2
Armour         | |  2.1
Dodging        | |  0.8
Invocations    | |  2.1

Action                   |  1- 3 |  4- 6 || total
-------------------------+-------+-------++-------
Melee: Spear             |   119 |    58 ||   177
  Use: Potion            |     1 |       ||     1
  Eat: Chunk             |     2 |     1 ||     3
Armor: Leather armour    |     8 |       ||     8
       Ring mail         |    27 |    18 ||    45
Dodge: Dodged            |    46 |    15 ||    61
